Map: Ulrena

Players

DethEko - Winner!

  • Race: Protoss Protoss
  • League: Silver

Solipsis

  • Race: Terran Terran
  • League: Silver

VOD

Have the link to the VOD?

Description

Time

  • Played on: Dec. 6, 2015, 2:31 a.m.
  • Length: 6:03
Show
View Real Time Build Order
Export as new Build Order

DethEko Protoss - Winner!

Build Orders:  

Get SALT Encoding   

  12  0:02  Probe (Chrono Boost)  
  13  0:13  Probe (Chrono Boost)  
  14  0:19  Pylon  
  14  0:23  Probe (Chrono Boost)  
  15  0:37  Probe (Chrono Boost)  
  15  0:39  Gateway  
  16  0:47  Probe (Chrono Boost)  
  17  0:59  Probe (Chrono Boost)  
  17  1:03  Assimilator  
  18  1:10  Probe (Chrono Boost)  
  19  1:28  Cybernetics Core  
  18  1:33  Gateway  
  18  1:36  Probe (Chrono Boost)  
  19  1:46  Probe (Chrono Boost)  
  20  1:53  Pylon  
  20  1:55  Assimilator  
  20  1:58  Probe (Chrono Boost)  
  21  2:04  Adept  
  23  2:11  Warp Gate (Chrono Boost)  
  23  2:18  Probe  
  23  2:22  Adept  
  26  2:31  Probe  
  27  2:38  Gateway x2  
  27  2:43  Probe  
  28  2:45  Pylon  
  28  2:49  Adept  
  30  3:09  Forge  
  30  3:15  Pylon  
  30  3:19  Gateway  
  30  3:31  Adept x2  
  34  3:58  Pylon  
  34  4:00  Protoss Ground Weapons Level 1 (Chrono Boost)  
  34  4:20  Robotics Facility  
  34  4:24  Adept x2  
  36  4:25  Stalker x2  
  36  4:30  Probe  
  39  4:56  Stalker x2  
  39  4:57  Stalker x2  
  45  5:23  Stalker x3  
Show
View Real Time Build Order
Export as new Build Order

Solipsis Terran 

Build Orders:  

Get SALT Encoding   

  12  0:02  SCV  
  13  0:14  SCV  
  13  0:18  Supply Depot  
  14  0:26  SCV  
  15  0:39  SCV  
  15  0:41  Barracks  
  16  0:51  SCV  
  17  1:03  SCV  
  18  1:08  Supply Depot  
  18  1:14  Refinery  
  18  1:16  SCV, Refinery  
  19  1:27  Marine  
  20  1:37  Orbital Command  
  20  1:47  Marine  
  21  2:22  Supply Depot  
  21  2:23  Factory  
  21  2:29  Barracks  
  21  2:45  SCV  
  21  2:48  Barracks Reactor  
  21  2:57  SCV  
  22  3:04  Engineering Bay  
  22  3:12  Bunker  
  22  3:17  Barracks Tech Lab  
  22  3:33  Starport  
  22  3:36  Missile Turret  
  22  3:44  Missile Turret, Marine x2  
  22  3:46  Missile Turret  
  21  4:01  Hellion  
  21  4:02  Marine  
  24  4:05  Liberator  
  24  4:06  Marauder  
  24  4:12  SCV  
  27  4:24  SCV  
  28  4:36  SCV  
  29  4:44  Marine  
  29  4:45  Marine  
  28  4:48  Hellion x2  
  27  5:27  Supply Depot  
  27  5:29  Supply Depot  
Tags
 
Add a new tag
Caveats
  • Supply blocks, unpowered buildings, or Contaminate may cause inaccurate times.
  • Supply counts are checked every 10 seconds.